 Dungeon Crawl Stone Soup version 0.27.1-33-g824d729ab1 (webtiles) character file.

Game seed: 1093339035346897874

5989 tkbsonic5 the Jinx (level 10, -2/76 HPs)
             Began as a Vampire Gladiator on Nov 28, 2021.
             Was a Believer of Makhleb.
             Shot with an arrow by a centaur (5 damage)
             ... on level 9 of the Dungeon.
             The game lasted 00:49:29 (8133 turns).

tkbsonic5 the Jinx (Vampire Gladiator)              Turns: 8133, Time: 00:49:30

Health: -2/76      AC: 11    Str: 15    XL:     10   Next: 55%
Magic:  9/16       EV: 19    Int: 13    God:    Makhleb [**....]
Gold:   368        SH:  0    Dex: 15    Spells: 1/17 levels left

rFire    + . .     SeeInvis +   k - +2 lajatang
rCold    + . .     Faith    .   (shield currently unavailable)
rNeg     . . .     Spirit   .   b - +1 leather armour
rPois    +         Reflect  .   c - +0 helmet
rElec    +         Harm     .   G - +0 cloak
rCorr    +         Rampage  .   m - +0 pair of gloves
Will     .....                  o - +2 pair of boots
Stlth    ++........             (no amulet)
HPRegen  0.42/turn              h - +4 ring of evasion
MPRegen  0.15/turn              l - ring of poison resistance

@: resistant, weak-willed, healing quickly, hasted and slowed
A: alive, fangs 3, see invisible, vampiric 2
a: Exsanguinate, Renounce Religion, Minor Destruction


You were on level 9 of the Dungeon.
You worshipped Makhleb.
Makhleb was pleased with you.
You visited 1 branch of the dungeon, and saw 10 of its levels.

You collected 368 gold pieces.

Inventory:

Hand Weapons
 a - a +1 long sword {TSwift}
 j - a +0 shortbow
 k - a +2 lajatang (weapon)
 p - a +0 hand axe of flaming
 r - a +2 hand axe of draining
 z - a +0 shortbow
 B - a +6 dagger of draining
 H - a +0 arbalest
 J - a +0 dagger of flaming
Missiles
 q - 56 poisoned darts
 u - 6 boomerangs
 A - 152 arrows
 C - 18 sling bullets
Armour
 b - a +1 leather armour (worn)
 c - a +0 helmet (worn)
 g - a +1 scale mail
 m - a +0 pair of gloves (worn)
 o - a +2 pair of boots (worn)
 w - a +0 ring mail
 y - a +0 plate armour
 G - a +0 cloak (worn)
 I - +2 steam dragon scales
Jewellery
 h - a +4 ring of evasion (left hand)
 l - a ring of poison resistance (right hand)
Wands
 n - a wand of digging (2)
Scrolls
 s - 2 scrolls of magic mapping
 t - a scroll of identify
 F - a scroll of fear
Potions
 M - a potion of magic


   Skills:
 * Level 6.0 Fighting
 - Level 6.2 Long Blades
 - Level 2.4 Axes
 * Level 0.6 Staves
 - Level 1.5 Throwing
 + Level 3.8 Armour
 * Level 7.0 Dodging
 + Level 4.1 Stealth
 - Level 0.1 Shields
 * Level 4.3 Spellcasting
 + Level 2.0 Conjurations
 * Level 8.1 Hexes
 * Level 1.2 Summonings
 + Level 2.1 Fire Magic
 + Level 2.8 Ice Magic
 * Level 2.9 Invocations
 + Level 2.5 Evocations


You had one spell level left.
You knew the following spells:

 Your Spells              Type           Power      Damage    Failure   Level
a - Corona                Hex            25%        N/A       1%          1
b - Cause Fear            Hex            11%        N/A       9%          4
c - Tukima's Dance        Hex            23%        N/A       2%          3
d - Ensorcelled Hibernat  Hex/Ice        34%        N/A       3%          2
e - Foxfire               Conj/Fire      32%        2x1d5     11%         1
f - Summon Mana Viper     Hex/Summ       15%        N/A       69%         5

Your spell library contained the following spells:

 Spells                   Type           Power      Damage    Failure   Level
 Inner Flame              Hex/Fire       16%        N/A       9%          3
 Conjure Flame            Conj/Fire      8%         6-21      30%         3
 Blink                    Tloc           N/A        N/A       36%         2
 Lesser Beckoning         Tloc           1%         N/A       58%         3
 Spider Form              Tmut/Pois      1%         N/A       58%         3
 Summon Ice Beast         Ice/Summ       8%         N/A       71%         4
 Irradiate                Conj/Tmut      2%         3d14      99%         5
 Blade Hands              Tmut           1%         N/A       100%        5
 Manifold Assault         Tloc           2%         N/A       100%        5
 Shadow Creatures         Summ           N/A        N/A       100%        6
 Dragon Form              Tmut           1%         N/A       100%        7
 Monstrous Menagerie      Summ           3%         N/A       100%        7
 Discord                  Hex            11%        N/A       100%        8
 Dragon's Call            Summ           3%         N/A       100%        9


Dungeon Overview and Level Annotations

Branches:
Dungeon (10/15)            Temple (0/1) D:5
   Lair: D:8-11         Orc: D:9-12

Altars:
Ashenzari
Fedhas
Kikubaaqudgha
Makhleb
Ru
Trog
Vehumet
Yredelemnul
Zin

Annotations:
D:4 Menkaure
D:8 1 runed translucent door


Innate Abilities, Weirdness & Mutations

Your natural rate of healing is accelerated.
You have razor-sharp teeth.
You have supernaturally acute eyesight. (SInv)
You are afflicted with vampirism and can become a bat while bloodless.


Message History

The centaur shoots an arrow.
The arrow hits you. The phantasmal warrior hits you!
The orc shouts!
As you read the scroll of fear, it crumbles to dust.
You assume a fearsome visage.
The orc warrior looks frightened!
The orc looks frightened!
The orc priest looks frightened!
The death knight resists with almost no effort.
The wraith is unaffected.
The phantasmal warrior is unaffected.
The freezing wraith is unaffected.
The centaur looks frightened!
The orc looks frightened!
The centaur looks desperately for an escape route.
The wraith completely misses you. The phantasmal warrior hits you!!
* * * LOW HITPOINT WARNING * * *
The freezing wraith hits you but does no damage.
The freezing wraith completely misses you.
The orc gibbers meaninglessly.
Your magical contamination has completely faded away.
Okay, then.
Casting: Foxfire (safe; 11% risk of failure)
Confirm with . or Enter, or press ? or * to list all spells.
Okay, then.
The centaur cries, "Mercy!"
The phantasmal warrior barely misses you.
An orc warrior comes into view. It is wielding a +0 scimitar.
Cornered, the centaur turns to fight!
Cornered, the orc turns to fight!
The centaur shoots an arrow.
The arrow misses you.
The phantasmal warrior blinks!
The centaur shoots an arrow.
The arrow hits you.
* * * LOW HITPOINT WARNING * * *
You hear a shout!
The centaur shoots an arrow.
The arrow barely misses you.
You feel better. The wraith closely misses you.
An orc comes into view. It is wielding a +0 flail.
You feel yourself speed up.
The phantasmal warrior completely misses you.
The wraith hits you!
* * * LOW HITPOINT WARNING * * *
The wraith drains your vigour!
You feel yourself slow down.
An orc comes into view. It is wielding a +0 flail.
The centaur shoots an arrow.
The arrow hits you.
You die...

..........#
..#......).§W#
######....#
⌠.#.....W#####
######....#...#....W.#
..........##'##....§.#
##.###..........####W####
##.# #....#####.####.[..#
##.# #..... #...W.....#
...# #...#.## #...cp....#
.#..# #.p# #.@.Wo.oo.#
###.# #.# #.#######o# ..#
#.###. .# #.# #.W##. .#
.. ####.##.#
#.###..W....#
..#..p.#.#.# #+#..W.#...#
###.#....##..#


You could see a death knight, a phantasmal warrior, a wraith, an orc warrior, a
centaur and 3 orcs.

Vanquished Creatures
  A two-headed ogre (D:8)
  2 centaur zombies (D:10)
  2 dream sheep (D:8)
  2 wraiths
  7 yaks
  A steam dragon (D:9)
  2 water moccasins
  A sky beast (D:7)
  3 ice beasts
  A black bear (D:5)
  An ogre (D:6)
  5 centaurs
  2 kobold brigands (D:8)
  2 bullfrogs
  2 scorpions (D:10)
  5 wights (D:9)
  2 howler monkeys (D:9)
  A hound (D:6)
  2 bullfrog zombies (D:6)
  5 orc priests
  2 centaur skeletons
  2 jellies
  A bullfrog skeleton (D:5)
  2 iguanas
  A scorpion zombie (D:5)
  4 orc wizards
  2 hound zombies (D:5)
  A hound skeleton (D:5)
  2 howler monkey skeletons
  A howler monkey zombie (D:10)
  6 adders
  A worm (D:2)
  2 dart slugs (D:1)
  19 orcs
  6 endoplasms
  3 giant cockroaches
  5 goblins
  A hobgoblin (D:1)
  3 jackals (D:5)
  2 quokkas
  9 ball pythons
  15 bats
  4 frilled lizards
  5 kobolds
  2 rats
150 creatures vanquished.

Vanquished Creatures (collateral kills)
  Maggie (D:8)
  An orc warrior (D:8)
  A centaur (D:10)
  2 orcs (D:9)
5 creatures vanquished.

Vanquished Creatures (others)
  2 dancing weapons
  A human (D:7)
  9 foxfires
  2 fungi (D:10)
  4 plants
18 creatures vanquished.

Grand Total: 173 creatures vanquished

Notes
Turn   | Place    | Note
-------+----------+-------------------------------------------
     0 | D:1      | tkbsonic5 the Vampire Gladiator began the quest for the
                  | Orb.
     0 | D:1      | Reached XP level 1. HP: 16/16 MP: 1/1
   100 | D:1      | Reached XP level 2. HP: 22/22 MP: 2/2
   621 | D:2      | Gained mutation: You are afflicted with vampirism and can
                  | become a bat while bloodless. [Vampire growth]
   621 | D:2      | Reached XP level 3. HP: 28/28 MP: 3/3
   657 | D:2      | Found a blossoming altar of Fedhas.
   742 | D:2      | Noticed a great orb of eyes
   892 | D:2      | Found a faded altar of an unknown god.
   906 | D:2      | Noticed a shining eye
   908 | D:2      | Noticed a golden eye
   908 | D:2      | Noticed a golden eye
  1042 | D:2      | Reached XP level 4. HP: 34/34 MP: 4/4
  1078 | D:2      | Learned a level 1 spell: Corona
  1597 | D:3      | Found a burning altar of Makhleb.
  2004 | D:3      | Became a worshipper of Makhleb the Destroyer
  2087 | D:4      | Noticed Menkaure
  2291 | D:3      | Reached skill level 1 in Hexes
  2738 | D:4      | Found a basalt altar of Yredelemnul.
  2740 | D:5      | Entered Level 5 of the Dungeon
  2837 | D:5      | Noticed a bullfrog
  2848 | D:5      | Killed a bullfrog
  2849 | D:5      | Reached skill level 2 in Hexes
  2849 | D:5      | Reached XP level 5. HP: 35/41 MP: 4/6
  2955 | D:5      | Noticed a black bear
  2971 | D:5      | Killed a black bear
  2972 | D:5      | Reached skill level 1 in Spellcasting
  2972 | D:5      | Reached skill level 3 in Hexes
  2972 | D:5      | Reached XP level 6. HP: 46/47 MP: 7/7
  3374 | D:5      | Found a staircase to the Ecumenical Temple.
  3403 | D:6      | Noticed a water moccasin
  3418 | D:5      | Killed a water moccasin
  3419 | D:5      | Reached skill level 5 in Long Blades
  3419 | D:5      | Reached skill level 4 in Hexes
  3419 | D:5      | Reached XP level 7. HP: 48/53 MP: 9/9
  3462 | D:6      | Reached skill level 1 in Armour
  3550 | D:6      | Learned a level 4 spell: Cause Fear
  3554 | D:6      | Learned a level 3 spell: Tukima's Dance
  3565 | D:6      | Reached * piety under Makhleb
  3723 | D:6      | Reached skill level 5 in Dodging
  3724 | D:6      | Noticed a wraith
  3742 | D:6      | Killed a wraith
  3743 | D:6      | Reached skill level 5 in Hexes
  3746 | D:6      | Reached skill level 1 in Invocations
  3746 | D:6      | Reached XP level 8. HP: 55/61 MP: 9/11
  3755 | D:6      | Learned a level 2 spell: Ensorcelled Hibernation
  3757 | D:6      | Learned a level 1 spell: Foxfire
  3905 | D:6      | Reached skill level 1 in Evocations
  3980 | D:6      | Found a radiant altar of Vehumet.
  4698 | D:7      | Reached skill level 1 in Stealth
  4837 | D:7      | Found an ancient bone altar of Kikubaaqudgha.
  4971 | D:7      | Reached skill level 6 in Hexes
  4971 | D:7      | Reached skill level 1 in Ice Magic
  5264 | D:8      | Found a bloodstained altar of Trog.
  5318 | D:8      | Found a runed translucent door.
  5327 | D:8      | Noticed Maggie
  5341 | D:8      | Killed Maggie
  5441 | D:8      | Found a sacrificial altar of Ru.
  5501 | D:8      | Reached skill level 1 in Fire Magic
  5501 | D:8      | Reached XP level 9. HP: 64/67 MP: 13/13
  5523 | D:8      | Reached skill level 5 in Fighting
  5714 | D:8      | Reached skill level 1 in Conjurations
  5758 | D:8      | Reached ** piety under Makhleb
  5776 | D:8      | Noticed a two-headed hydra
  5991 | D:9      | Reached skill level 1 in Axes
  5991 | D:9      | Reached skill level 7 in Hexes
  6006 | D:9      | Noticed a two-headed ogre
  6044 | D:8      | Killed a two-headed ogre
  6108 | D:9      | Reached XP level 10. HP: 75/75 MP: 15/15
  6627 | D:9      | Noticed a death knight
  6629 | D:9      | Noticed a phantasmal warrior
  6695 | D:10     | Entered Level 10 of the Dungeon
  6723 | D:10     | Learned a level 5 spell: Summon Mana Viper
  6941 | D:10     | Found a broken altar of Ashenzari.
  7276 | D:9      | Reached skill level 1 in Summonings
  7749 | D:10     | Reached skill level 8 in Hexes
  7950 | D:10     | Reached *** piety under Makhleb
  8111 | D:9      | Noticed a phantasmal warrior
  8127 | D:9      | HP: 3/76 [centaur/arrow (2)]
  8133 | D:9      | Shot with an arrow by a centaur

Illustrated notes

Levels and vault maps discovered:
D:1:      wander_arrival_peaceful_grave, layout_basic
D:2:      layout_loops_ring, basic_altar, hellmonk_ecumenical_altar_watching_god
D:3:      layout_basic, mainiacjoe_overflow_24_doors, marbit_many_paths
D:4:      layout_cave_pools, mainiacjoe_overflow_alcove_4,
          mainiacjoe_overflow_paths, minitemple, kennysheep_cross_bottleneck,
          lexackson_kobold_supper, uniq_menkaure, uniq_duvessa, uniq_eustachio,
          uniq_pikel
D:5:      layout_basic, minmay_temple_entry_enclosed_plants
D:6:      layout_rooms, fiery_altar_vehumet
D:7:      layout_cave_pods, tgw_kikubaaqudgha, serial_column_ruins,
          column_ruins_square_small, column_ruins_columns_dead_end,
          column_ruins_columns_plus, column_ruins_columns_corner
D:8:      layout_basic, overflow_temple_1_default, trog_ov_bears_minmay,
          due_lair_maze_entry_diamond, ebering_ghost_funeral_grove,
          hangedman_ranch, uniq_maggie
D:9:      minmay_skewed_foursquare, layout_basic, erik_orc_1,
          minmay_misc_feat_room
D:10:     old_forge, layout_basic, kennysheep_mini_moat

Skill      XL: |  1  2  3  4  5  6  7  8  9 10 |
---------------+-------------------------------+-----
Fighting       | 2 3 4 5 6 |  6.0
Long Blades    | 4 5 6 |  6.2
Hexes          | 2 3 4 5 6 7 8 |  8.1
Dodging        | 4 5 6 7 |  7.0
Spellcasting   | 1 2 3 4 |  4.3
Armour         | 1 2 3 |  3.8
Invocations    | 1 2 |  2.9
Evocations     | 1 2 |  2.5
Stealth        | 1 3 4 |  4.1
Ice Magic      | 1 2 |  2.8
Fire Magic     | 1 2 |  2.1
Conjurations   | 1 2 |  2.0
Axes           | 1 2 |  2.4
Summonings     | 1 |  1.2
Staves         | |  0.6
Throwing       | |  1.5
Shields        | |  0.1

Action                   |  1- 3 |  4- 6 |  7- 9 | 10-12 || total
-------------------------+-------+-------+-------+-------++-------
Melee: Long sword        |    76 |    96 |   223 |       ||   395
       Bite              |     8 |    14 |    38 |    17 ||    77
       Dagger            |       |       |    47 |    51 ||    98
       Hand axe          |       |       |    21 |    42 ||    63
       Lajatang          |       |       |       |    58 ||    58
 Fire: Shortbow          |       |       |       |     1 ||     1
Throw: Dart              |    22 |    14 |    25 |       ||    61
       Throwing net      |       |     3 |     2 |       ||     5
       Boomerang         |       |     6 |     4 |       ||    10
 Cast: Corona            |       |     1 |    17 |     9 ||    27
       Ensorcelled Hiber |       |       |     4 |     4 ||     8
       Foxfire           |       |       |     3 |     3 ||     6
       Tukima's Dance    |       |       |     7 |     9 ||    16
Invok: Minor Destruction |       |       |       |     2 ||     2
 Abil: Exsanguinate      |       |       |     1 |       ||     1
       Revivify          |       |       |     1 |       ||     1
Evoke: Wand              |       |     2 |    13 |    10 ||    25
  Use: Scroll            |     9 |       |    10 |     7 ||    26
       Potion            |       |     4 |     6 |     8 ||    18
 Stab: Held in net/web   |       |     1 |       |       ||     1
       Sleeping          |       |       |     2 |     2 ||     4
Armor: Leather armour    |     4 |       |    30 |   102 ||   136
       Scale mail        |    23 |    42 |    33 |       ||    98
       Plate armour      |       |    10 |    25 |       ||    35
       Skin              |       |       |    26 |       ||    26
Dodge: Dodged            |    60 |    76 |   232 |   282 ||   650
Block: Buckler           |       |       |     2 |       ||     2
       Rpst.: Long sword |    20 |    25 |    58 |       ||   103
